 Dungeon Crawl Stone Soup version 0.25-a0-353-ged6d54792d (webtiles) character file.

Game seed: 2089233980741582077, levelgen mode: classic

6219 Borgoz the Fighter (level 10, 0/66 HPs)
             Began as a Gargoyle Berserker on Jan 1, 2020.
             Was a High Priest of Trog.
             Slain by an orc knight
             ... wielding a +0 halberd
              (9 damage)
             ... in a bailey.
             The game lasted 00:14:31 (9859 turns).

Borgoz the Fighter (Gargoyle Berserker)             Turns: 9859, Time: 00:14:32

Health: 0/66       AC: 17    Str: 26    XL:     10   Next: 92%
Magic:  10/10      EV: 15    Int: 13    God:    Trog [*****.]
Gold:   75         SH:  0    Dex: 14    Spells: 9/9 levels left

rFire    . . .     SeeInvis .   t - +0 morningstar
rCold    . . .     Gourm    +   (no shield)
rNeg     + + .     Faith    .   q - +0 ring mail
rPois    ∞         Spirit   .   (no helmet)
rElec    +         Reflect  .   H - +0 cloak of Fohoawe {Regen+ Str+2 Int+6 Stlth+} (curse)
rCorr    +         Harm     .   p - +0 pair of gloves
MR       .....                  (no boots)
Stlth    ++........             b - amulet of Autumn {Gourm Fragile rN+ Dex+4}
HPRegen  0.61/turn              (no ring)
MPRegen  0.12/turn              d - ring of resist corrosion

@: slowed, very slow
A: negative energy resistance 1, electricity resistance, unbreathing,
petrification resistance, rot immunity, AC +7
a: Berserk, Trog's Hand, Brothers in Arms, Renounce Religion


You were in a bailey.
You worshipped Trog.
Trog was extremely pleased with you.
You were not hungry.

You visited 1 branch of the dungeon, and saw 10 of its levels.
You also visited: Sewer and Bailey.

You collected 463 gold pieces.
You spent 388 gold pieces at shops.

Inventory:

Hand Weapons
 t - a +0 morningstar (weapon)
 F - a +2 dire flail of protection
 J - the +8 short sword of Indomitability {venom, *Noise rElec rPois}
   (You found it on level 9 of the Dungeon)

   It poisons the flesh of those it strikes.
   It insulates you from electricity.
   It protects you from poison.
   It may make noises in combat.
Armour
 p - a +0 pair of gloves (worn)
 q - a +0 ring mail (worn)
 H - the cursed +0 cloak of Fohoawe (worn) {Regen+ Str+2 Int+6 Stlth+}
   (You bought it in a shop on level 9 of the Dungeon)

   It affects your strength (+2).
   It affects your intelligence (+6).
   It increases your rate of regeneration.
   It makes you more stealthy.
   It has a curse placed upon it.
Jewellery
 a - an uncursed ring of flight
 b - the amulet of Autumn (around neck) {Gourm Fragile rN+ Dex+4}
   (You found it on level 5 of the Dungeon)

   [amulet of the gourmand]

   It allows you to eat raw meat even when not hungry.
   It affects your dexterity (+4).
   It protects you from negative energy.
   It will be destroyed if unequipped.
 d - a ring of resist corrosion (right hand)
Wands
 o - a wand of digging (6)
 v - a wand of enslavement (7)
 x - a wand of flame (14)
 z - a wand of random effects (46)
 C - a wand of clouds (5)
Scrolls
 h - 4 scrolls of magic mapping
 i - 2 scrolls of remove curse {unknown}
 j - 2 scrolls of enchant armour {unknown}
 m - 3 scrolls of blinking {unknown}
 n - a scroll of immolation {unknown}
 s - 4 scrolls of teleportation
 u - 2 scrolls of fog {unknown}
 w - 4 scrolls of amnesia {unknown}
 E - 3 scrolls of fear {unknown}
 I - a scroll of random uselessness {unknown}
Potions
 e - 2 potions of lignification
 f - a potion of brilliance
 g - 3 potions of berserk rage
 k - a potion of magic {unknown}
 l - 4 potions of degeneration {unknown}
 r - a potion of might
 A - 4 potions of heal wounds
 B - 3 potions of flight
 D - 3 potions of curing
 G - 2 potions of mutation {unknown}
Comestibles
 c - 21 rations
 K - a chunk of flesh


   Skills:
 + Level 9.5 Fighting
 + Level 8.7 Maces & Flails
 + Level 9.2 Armour
 + Level 6.9 Dodging


You had 9 spell levels left.
You didn't know any spells.
Your spell library was empty.

Dungeon Overview and Level Annotations

Branches:
Dungeon (10/15)            Temple (0/1) D:7           Sewer (visited)
 Bailey (1/1)
   Lair: D:8-11         Orc: D:9-12

Altars:
Cheibriados
Dithmenos
Elyvilon
Fedhas
Kikubaaqudgha
Nemelex Xobeh
Okawaru
Qazlal
Ru
Sif Muna
Wu Jian
Zin

Shops:
D:6 (   D:9 **!


Innate Abilities, Weirdness & Mutations

You are resistant to torment.
Your stone body is resilient. (AC +7)
You are immune to poison.
You resist negative energy. (rN+)
You are resistant to electric shocks. (rElec)
You can survive without breathing.
You are immune to petrification.
You are immune to rotting.


Message History

The bolt closely misses you.
The orc warrior shoots a bolt.
The bolt misses you.
You hear a shout!
You hit the orc warrior.
The orc warrior is lightly wounded.
The orc warrior hits you with a +0 halberd.
The orc warrior shoots a bolt.
The bolt barely misses you.
The orc knight roars a battlecry!
The orcs go into a battle-frenzy!
The orc warrior shoots a bolt.
The bolt misses you. The orc warrior completely misses you.
The orc hits you but does no damage. The orc warrior misses you.
The orc warrior shoots a bolt.
The bolt hits you!
* * * LOW HITPOINT WARNING * * *
You see here a bolt.
The orc warrior shoots a bolt.
The bolt hits you!
* * * LOW HITPOINT WARNING * * *
The orc warrior closely misses you.
The orc knight hits you from afar with a +0 halberd!
You die...

### #########∩##
##...@(##.∩.#
#..≈≈≈o(#(..#..≈
#.≈≈o≈≈.(.....≈≈o
+.≈ooo≈.......≈o∩
#.≈≈.≈≈o......≈≈o≈
#..≈≈≈..#...#o.≈≈≈
##.....##...##....
#########∩## ####
##


You could see an orc knight, 2 orc warriors and 3 orcs.

Vanquished Creatures
  Josephine (D:10)
  A two-headed ogre (D:8)
  A hornet (D:8)
  Prince Ribbit (D:5)
  A wyvern (D:8)
  A spriggan (D:7)
  Sigmund (D:5)
  5 wraiths (D:10)
  2 hungry ghosts
  Eustachio (D:5)
  2 sky beasts
  2 ice beasts
  2 ogres
  A necrophage (D:4)
  A phantom (D:4)
  3 centaurs
  2 big kobolds
  2 bullfrogs
  A wyvern skeleton (D:8)
  2 scorpions
  11 killer bees
  2 howler monkeys
  A crimson imp (D:3)
  A centaur zombie (D:7)
  3 hounds (D:7)
  2 centaur skeletons
  An orc priest (D:6)
  An iguana (D:9)
  6 orc wizards
  A killer bee zombie (D:6)
  7 worker ants
  2 howler monkey zombies
  2 worker ant zombies
  4 gnolls
  4 adders (D:2)
  A shadow imp (D:7)
  2 oozes
  An adder zombie (D:7)
  2 adder skeletons
  6 worms
  2 dart slugs
  8 leopard geckos
  26 orcs
  A ball python (D:1)
  A giant cockroach (D:7)
  7 goblins
  6 hobgoblins
  6 jackals
  15 kobolds
  3 quokkas
  11 bats
  6 frilled lizards
  A jackal zombie (D:5)
  2 quokka skeletons
  10 rats
  A bush (D:4)
199 creatures vanquished.

Notes
Turn   | Place    | Note
-------+----------+-------------------------------------------
     0 | D:1      | Borgoz the Gargoyle Berserker began the quest for the Orb.
     0 | D:1      | Reached XP level 1. HP: 14/14 MP: 1/1
   144 | D:1      | Reached XP level 2. HP: 16/19 MP: 2/2
   465 | D:1      | Reached XP level 3. HP: 19/23 MP: 3/3
  1001 | D:2      | Reached ** piety under Trog
  1009 | D:2      | Reached XP level 4. HP: 28/29 MP: 4/4
  1257 | D:2      | Found an iron altar of Okawaru.
  2215 | D:3      | Reached XP level 5. HP: 16/33 MP: 5/5
  2537 | D:3      | Found a sacrificial altar of Ru.
  3145 | D:4      | Reached XP level 6. HP: 33/39 MP: 6/6
  3392 | D:4      | Noticed a necrophage
  3400 | D:4      | Killed a necrophage
  3588 | D:4      | Reached *** piety under Trog
  3588 | D:4      | Reached skill level 5 in Fighting
  3860 | D:4      | Noticed a phantom
  3884 | D:4      | Killed a phantom
  3884 | D:4      | Reached XP level 7. HP: 22/44 MP: 7/7
  4476 | D:5      | Entered Level 5 of the Dungeon
  4477 | D:5      | Noticed Eustachio
  4483 | D:5      | Noticed Sigmund
  4490 | D:5      | Killed Eustachio
  4490 | D:5      | Reached skill level 5 in Maces & Flails
  4490 | D:5      | Reached skill level 5 in Armour
  4562 | D:5      | Killed Sigmund
  4562 | D:5      | Reached XP level 8. HP: 12/51 MP: 8/8
  4797 | D:5      | Got a slimy golden amulet
  4857 | D:5      | Identified the amulet of Autumn {Gourm Fragile rN+ Dex+4}
                  | (You found it on level 5 of the Dungeon)
  5019 | D:5      | Noticed Prince Ribbit
  5027 | D:5      | Killed Prince Ribbit
  5709 | D:6      | Found a snail-covered altar of Cheibriados.
  5709 | D:6      | Found a shimmering blue altar of Sif Muna.
  5759 | D:6      | Found Dusash's Weapon Boutique.
  5842 | D:6      | Found an ornate altar of the Wu Jian Council.
  5880 | D:6      | Found a glowing drain.
  5914 | Sewer    | Entered a sewer
  5989 | Sewer    | Reached **** piety under Trog
  6042 | Sewer    | Found a white marble altar of Elyvilon.
  6648 | D:6      | Reached XP level 9. HP: 56/56 MP: 9/9
  6678 | D:6      | Found a glowing silver altar of Zin.
  6868 | D:7      | Found a sparkling altar of Nemelex Xobeh.
  6933 | D:7      | Reached skill level 5 in Dodging
  7205 | D:7      | Found a staircase to the Ecumenical Temple.
  7803 | D:8      | Noticed a hornet
  7815 | D:8      | Killed a hornet
  7821 | D:8      | Reached ***** piety under Trog
  7821 | D:8      | Received a gift from Trog
  7821 | D:8      | Reached XP level 10. HP: 31/64 MP: 10/10
  8204 | D:8      | Noticed a two-headed ogre
  8214 | D:8      | Killed a two-headed ogre
  8542 | D:8      | Found a stormy altar of Qazlal.
  8800 | D:8      | Found a white marble altar of Elyvilon.
  8873 | D:9      | Found Zeoklei's Assorted Antiques.
  8880 | D:9      | Bought a spiked cloak for 304 gold pieces
  8885 | D:9      | Identified the cursed +0 cloak of Fohoawe {Regen+ Str+2
                  | Int+6 Stlth+} (You bought it in a shop on level 9 of the
                  | Dungeon)
  8930 | D:9      | Found a blossoming altar of Fedhas.
  8937 | D:9      | Found Ywafyl's General Store.
  8944 | D:9      | Got a brightly glowing short sword
  8955 | D:9      | Bought a scroll of identify for 24 gold pieces
  8955 | D:9      | Bought a scroll of identify for 24 gold pieces
  8955 | D:9      | Bought a scroll of teleportation for 36 gold pieces
  8955 | D:9      | Identified the +8 short sword of Indomitability {venom,
                  | *Noise rElec rPois} (You found it on level 9 of the
                  | Dungeon)
  9008 | D:9      | Found Hump's Distillery.
  9009 | D:9      | Found an ancient bone altar of Kikubaaqudgha.
  9404 | D:9      | Found a shadowy altar of Dithmenos.
  9754 | D:10     | Entered Level 10 of the Dungeon
  9754 | D:10     | Found a flagged portal.
  9794 | D:10     | Noticed Josephine
  9810 | D:10     | Killed Josephine
  9852 | Bailey   | Entered a bailey
  9853 | Bailey   | Noticed an orc knight
  9859 | Bailey   | Slain by an orc knight

Levels and vault maps discovered:
D:1:      roderic_crop_circles_arrival_small, layout_loops_ring,
          serial_bayou_crossing
D:2:      layout_basic, nicolae_overflow_crystal_walls, minmay_misc_feat_square
D:3:      layout_rooms, nicolae_ru_the_path_less_chosen
D:4:      layout_layer_cave, hangedman_decor_slide_cut, lexackson_kobold_supper
D:5:      layout_loops_corners, first_ration, uniq_sigmund, uniq_eustachio,
          uniq_prince_ribbit1
D:6:      layout_loops_ring, zin_statuary, kennysheep_little_box,
          gammafunk_temple_overflow_statue, cheibrodos_sewer_entry_bend,
          serial_shops, nicolae_shop_trees, minmay_misc_feat_ornament
D:7:      layout_loops_ring, lemuel_coloured_pillars_altar,
          minmay_temple_entry_glass, the_bakery, hangedman_abyss_or_decor_stabs
D:8:      layout_loops_ring, grunt_qazlal_clouds, kennysheep_mini,
          grunt_decor_mini_mirrors
D:9:      layout_gridville, fedhas_ov_isle_minmay, lemuel_round_altar,
          basic_altar, serial_shops, shop, shop,
          nicolae_shop_temple_entry_statues_fountains
D:10:     cheibrodos_shockbox, layout_long_grid,
          kennysheep_orc_monster_closet_entryway, enter_bailey_2,
          minmay_the_grid_2x2 [minmay_the_grid_plusring,
          minmay_the_grid_all_tris, minmay_the_grid_stretched_grid,
          minmay_the_grid_prize_diamond_cup], uniq_josephine
Bailey:   bailey_polearm_4, bailey

Skill      XL: |  1  2  3  4  5  6  7  8  9 10 |
---------------+-------------------------------+-----
Dodging        | 2 3 4 5 6 |  6.9
Armour         | 3 4 5 6 7 9 |  9.2
Fighting       | 4 5 6 8 9 |  9.5
Maces & Flails | 4 5 6 7 8 |  8.7

Action                   |  1- 3 |  4- 6 |  7- 9 | 10-12 || total
-------------------------+-------+-------+-------+-------++-------
Melee: Mace              |    88 |   174 |       |       ||   262
       Morningstar       |       |    76 |   380 |   163 ||   619
Invok: Berserk           |       |     2 |     5 |     2 ||     9
  Use: Potion            |       |       |     6 |     1 ||     7
       Scroll            |       |       |     1 |     5 ||     6
 Stab: Sleeping          |     1 |     2 |       |       ||     3
  Eat: Chunk             |       |    10 |    30 |    12 ||    52
       Ration            |       |       |     2 |       ||     2
Armor: Animal skin       |    49 |    67 |       |       ||   116
       Ring mail         |       |    51 |   178 |    85 ||   314
Dodge: Dodged            |    82 |   176 |   286 |   155 ||   699

Table legend:
 A = Non-vault XP
 B = Vault XP
 C = Vault XP percentage of total XP
 D = Non-vault monster count
 E = Vault monster count
 F = Vault count percentage of total count
                 A         B        C        D         E       F
            +---------+---------+-------+---------+---------+-------
      Total |    5839 |    3046 |  34.3 |     167 |      31 |  15.7
            +---------+---------+-------+---------+---------+-------
        D:1 |      36 |       0 |   0.0 |      17 |       0 |   0.0
        D:2 |     138 |       0 |   0.0 |      31 |       0 |   0.0
        D:3 |     108 |       0 |   0.0 |      12 |       0 |   0.0
        D:4 |     355 |     108 |  23.3 |      11 |       8 |  42.1
        D:5 |     632 |     648 |  50.6 |      20 |       3 |  13.0
        D:6 |     235 |      10 |   4.1 |      12 |       2 |  14.3
        D:7 |    1388 |     215 |  13.4 |      36 |       1 |   2.7
        D:8 |    2231 |       0 |   0.0 |      15 |       0 |   0.0
        D:9 |     487 |       0 |   0.0 |      10 |       0 |   0.0
       D:10 |     229 |    1953 |  89.5 |       3 |       5 |  62.5
      Sewer |       0 |     112 | 100.0 |       0 |      12 | 100.0
            +---------+---------+-------+---------+---------+-------
